 Dungeon Crawl Stone Soup version 0.30-a0-618-gd6c86c23d0 (console) character file.

Game seed: 17174993817414225306

744575 petzl the Sorcerer (level 27, -11/238 HPs)
             Began as a Formicid Delver on Jan 4, 2023.
             Was the Champion of Vehumet.
             Killed from afar by Xiasavauca the pandemonium lord (75 damage)
             ... with an iron shot
             ... in Pandemonium on Jan 13, 2023.
             The game lasted 12:19:50 (91059 turns).

petzl the Sorcerer (Formicid Delver)               Turns: 91059, Time: 12:19:50

Health: -11/238    AC: 36    Str: 21    XL:     27
Magic:  17/47      EV: 15    Int: 45    God:    Vehumet [******]
Gold:   2750       SH: 26    Dex: 12    Spells: 8/77 levels left

rFire   + + +      SeeInvis +    a - +9 scimitar of Charity {protect, rElec}
rCold   . . .      Faith    .    I - +5 tower shield {reflect}
rNeg    + . .      Spirit   .    y - +2 faerie dragon scales {Will+ rCorr Int+7 Dex-4}
rPois   +          Reflect  +    (helmet unavailable)
rElec   +          Harm     .    n - +0 cloak "Supru" {rF++ rN+ Int+3 Dex-2}
rCorr   +          Rampage  .    v - +0 pair of fencer's gloves {Riposte Dex+3}
Will    +++..                    p - +2 pair of boots "Cupt" {Regen+ Int+5}
Stlth   +++                      j - amulet of regeneration
HPRegen 2.19/turn                i - ring of Dithmenos's Approval {rPois rF+ EV+5 Int+4}
MPRegen 0.30/turn                x - ring "Hitwokas" {Wiz Fly rF+ Int+6 Stlth-}

@: ice-armoured, in a vortex, under a protective aura, flying, studying Axes,
invisible
A: permanent stasis, dig shafts and tunnels, antennae 3, four strong arms, large
bone plates 1, low MP 1, poison resistance, no potion heal 1
}: 4/15 runes: decaying, serpentine, slimy, silver
a: Dig, Renounce Religion


You were in Pandemonium.
You worshipped Vehumet.
Vehumet was exalted by your worship.
You visited 15 branches of the dungeon, and saw 61 of its levels.
You visited Pandemonium 1 time, and saw 3 of its levels.
You also visited: Trove and Ice Cave.

You collected 10088 gold pieces.
You spent 7338 gold pieces at shops.

Inventory:

Hand Weapons
 a - the +9 scimitar of Charity (weapon) {protect, rElec}
   (You found it on level 1 of the Swamp)

   rElec:     It insulates you from electricity.
 b - the +8 storm bow {elec, penet}
   (You found it on level 3 of the Elven Halls)

   Any ammunition fired by it passes through the targets it hits, potentially
   hitting all targets in its path until it reaches maximum range.
 h - a +0 demon whip of draining
 q - the +3 arbalest "Woefuyck" {flame, +Blink Will- Dex+6}
   (You found it in Pandemonium)

   Dex:       It affects your dexterity (+6).
   +Blink:    It lets you blink.
   Will:      It decreases your willpower.
Missiles
 E - 4 throwing nets (quivered)
 H - 28 curare-tipped darts
Armour
 n - the +0 cloak "Supru" (worn) {rF++ rN+ Int+3 Dex-2}
   (You found it in a treasure trove)

   Int:       It affects your intelligence (+3).
   Dex:       It affects your dexterity (-2).
   rF:        It greatly protects you from fire.
   rN:        It protects you from negative energy.
 o - a +1 tower shield of protection
 p - the +2 pair of boots "Cupt" (worn) {Regen+ Int+5}
   (You acquired it on level 7 of the Dungeon)

   Int:       It affects your intelligence (+5).
   Regen:     It increases your rate of health regeneration.
 v - the +0 pair of fencer's gloves (worn) {Riposte Dex+3}
   (You found it on level 5 of the Vaults)

   It allows the wearer to riposte with melee weapons, swiftly retaliating
   against missed or blocked melee attacks.
   Dex:       It affects your dexterity (+3).
 y - the +2 faerie dragon scales (worn) {Will+ rCorr Int+7 Dex-4}
   (You took it off the Enchantress on level 4 of the Depths)

   Int:       It affects your intelligence (+7).
   Dex:       It affects your dexterity (-4).
   rCorr:     It protects you from acid and corrosion.
   Will:      It increases your willpower.
 I - a +5 tower shield of reflection (worn)
Jewellery
 i - the ring of Dithmenos's Approval (left hand) {rPois rF+ EV+5 Int+4}
   (You acquired it on level 6 of the Dungeon)

   [ring of evasion]

   EV:        It affects your evasion (+5).
   Int:       It affects your intelligence (+4).
   rF:        It protects you from fire.
   rPois:     It protects you from poison.
 j - an amulet of regeneration (around neck)
 x - the ring "Hitwokas" (right hand) {Wiz Fly rF+ Int+6 Stlth-}
   (You took it off a wizard on level 2 of the Depths)

   [ring of wizardry]

   It improves your spell success rate.
   Int:       It affects your intelligence (+6).
   rF:        It protects you from fire.
   Fly:       It grants you flight.
   Stlth:     It makes you less stealthy.
Wands
 g - a wand of digging (13)
 r - a wand of quicksilver (33)
 K - a wand of mindburst (45)
 N - a wand of polymorph (33)
 P - a wand of paralysis (34)
 V - a wand of iceblast (37)
Scrolls
 d - 3 scrolls of magic mapping
 e - 7 scrolls of fear
 s - a scroll of summoning
 D - 10 scrolls of fog
 R - 9 scrolls of poison
Potions
 c - a potion of mutation
 k - 5 potions of cancellation
 l - 18 potions of curing
 m - 14 potions of flight
 t - 8 potions of brilliance
 u - 12 potions of heal wounds
 z - 8 potions of resistance
 B - 8 potions of ambrosia
 W - a potion of invisibility
Miscellaneous
 f - a phantom mirror
 G - a lightning rod (4/4)
 M - a phantom mirror
 Q - a phantom mirror
 S - a condenser vane
 T - a phial of floods
 U - a phantom mirror
 X - a box of beasts
 Z - a tin of tremorstones (2/2)


   Skills:
 - Level 24.0 Fighting
 - Level 2.0 Short Blades
 - Level 2.0 Maces & Flails
 - Level 5.1 Ranged Weapons
 - Level 14.0 Armour
 - Level 1.7 Dodging
 - Level 10.0 Stealth
 - Level 14.0 Shields
 + Level 25.5 Spellcasting
 + Level 21.8 Conjurations
 * Level 9.5 Necromancy
 - Level 8.0 Translocations
 + Level 22.3 Fire Magic
 - Level 20.0 Ice Magic
 * Level 10.6 Air Magic
 - Level 4.0 Poison Magic
 - Level 3.0 Evocations


You had 8 spell levels left.
You knew the following spells:

 Your Spells              Type           Power      Damage    Failure   Level
a - Stone Arrow           Conj/Erth      100%       3d13      1%          3
b - Fireball              Conj/Fire      65%        3d25      0%          5
l - Freezing Cloud        Conj/Ice/Air   60%        6-21      0%          5
m - Mephitic Cloud        Conj/Pois/Air  100%       N/A       0%          3
n - Fire Storm            Conj/Fire      65%        8d16      1%          9
o - Orb of Destruction    Conj           65%        9d15      1%          7
p - Passage of Golubria   Tloc           92%        N/A       1%          4
s - Sticky Flame          Conj/Fire      100%       2d11      0%          4
u - Sublimation of Blood  Necr           97%        N/A       1%          2
A - Ozocubu's Armour      Ice            100%       N/A       0%          3
C - Conjure Ball Lightni  Conj/Air       58%        3x3d21    1%          6
I - Ignition              Fire           65%        3d17      1%          8
P - Apportation           Tloc           100%       N/A       1%          1
V - Polar Vortex          Ice            63%        N/A       3%          9

Your spell library contained the following spells:

 Spells                   Type           Power      Damage    Failure   Level
 Lehudib's Crystal Spear  Conj/Erth      50%        10d12     8%          8
 Foxfire                  Conj/Fire      100%       2x1d9     0%          1
 Freeze                   Ice            100%       1d10      0%          1
 Kiss of Death            Conj/Necr      100%       2d13      0%          1
 Necrotise                Necr           100%       1d9       0%          1
 Ensorcelled Hibernation  Hex/Ice        100%       N/A       0%          2
 Frozen Ramparts          Ice            100%       1d16      0%          3
 Hailstorm                Conj/Ice       100%       3d20      0%          3
 Kindle Blastsparks       Fire/Tloc/Air  100%       2d18      0%          3
 Flame Wave               Conj/Fire      100%       2d21      0%          4
 Iskenderun's Mystic Bla  Conj/Tloc      100%       2d19      0%          4
 Iskenderun's Battlesphe  Conj           100%       2d15      0%          5
 Starburst                Conj/Fire      65%        6d17      0%          6
 Sandblast                Erth           100%       2d20      1%          1
 Slow                     Hex            100%       N/A       1%          1
 Summon Small Mammal      Summ           100%       N/A       1%          1
 Passwall                 Tmut/Erth      45%        N/A       1%          2
 Confusing Touch          Hex            55%        N/A       1%          3
 Dazzling Flash           Conj/Hex       100%       N/A       1%          3
 Gell's Gravitas          Tloc           92%        N/A       1%          3
 Ignite Poison            Fire/Tmut/Pois 94%        N/A       1%          3
 Inner Flame              Hex/Fire       100%       N/A       1%          3
 Lesser Beckoning         Tloc           100%       N/A       1%          3
 Spider Form              Tmut/Pois      66%        N/A       1%          3
 Teleport Other           Tloc           92%        N/A       1%          3
 Tukima's Dance           Hex            55%        N/A       1%          3
 Vampiric Draining        Necr           97%        2d12      1%          3
 Vhi's Electric Charge    Tloc/Air       100%       N/A       1%          3
 Airstrike                Air            50%        2d(8-24)  1%          4
 Anguish                  Hex/Necr       39%        N/A       1%          4
 Animate Dead             Necr           97%        N/A       1%          4
 Dispel Undead            Necr           97%        3d30      1%          4
 Fulminant Prism          Conj/Hex       50%        3d23      1%          4
 Manifold Assault         Tloc           92%        N/A       1%          4
 Olgreb's Toxic Radiance  Pois           75%        N/A       1%          4
 Summon Ice Beast         Ice/Summ       99%        N/A       1%          4
 Summon Lightning Spire   Summ/Air       81%        N/A       1%          4
 Agony                    Necr           97%        N/A       1%          5
 Arcjolt                  Conj/Air       58%        1d68      1%          5
 Borgnjor's Vile Clutch   Necr/Erth      39%        N/A       1%          5
 Irradiate                Conj/Tmut      50%        3d28      1%          5
 Lightning Bolt           Conj/Air       58%        1d81      1%          5
 Metabolic Englaciation   Hex/Ice        49%        N/A       1%          5
 Silence                  Hex/Air        40%        N/A       1%          5
 Summon Forest            Summ/Tloc      37%        N/A       1%          5
 Death Channel            Necr           48%        N/A       1%          6
 Dispersal                Tloc           46%        N/A       1%          6
 Iron Shot                Conj/Erth      50%        9d10      1%          6
 Ozocubu's Refrigeration  Ice            63%        4d21      1%          7
 Spellforged Servitor     Conj/Summ      50%        N/A       1%          7
 Animate Armour           Summ/Erth      100%       N/A       3%          4
 Cause Fear               Hex            27%        N/A       3%          4
 Leda's Liquefaction      Hex/Erth       27%        N/A       3%          4
 Petrify                  Tmut/Erth      55%        N/A       3%          4
 Lee's Rapid Deconstruct  Erth           27%        3d15*     3%          5
 Yara's Violent Unravell  Hex/Tmut       27%        3d12      3%          5
 Eringya's Noxious Bog    Tmut/Pois      33%        N/A       7%          6
 Maxwell's Capacitive Co  Air            50%        ∞         9%          8
 Blade Hands              Tmut           27%        N/A       10%         5
 Summon Mana Viper        Hex/Summ       55%        N/A       10%         5
 Storm Form               Tmut/Air       40%        N/A       32%         7
 Haunt                    Necr/Summ      39%        N/A       38%         7
 Borgnjor's Revivificati  Necr           48%        N/A       41%         8
 Infestation              Necr           48%        N/A       41%         8
 Statue Form              Tmut/Erth      36%        N/A       45%         6
 Summon Cactus Giant      Summ           27%        N/A       45%         6
 Dragon Form              Tmut           27%        N/A       95%         7
 Enfeeble                 Hex            27%        N/A       95%         7
 Monstrous Menagerie      Summ           27%        N/A       95%         7
 Summon Hydra             Summ           27%        N/A       95%         7
 Chain Lightning          Conj/Air       58%        3d78      13%         9
 Dragon's Call            Summ           27%        N/A       100%        9
 Shatter                  Erth           27%        3d23*     100%        9
 Swiftness                Air            Unusable   N/A       N/A         3

Dungeon Overview and Level Annotations

Branches:
Dungeon (15/15)            Temple (1/1) D:7            Lair (5/5) D:9
  Swamp (4/4) Lair:2        Snake (4/4) Lair:2        Slime (5/5) Lair:5
    Orc (2/2) D:11            Elf (3/3) Orc:2        Vaults (5/5) D:13
  Crypt (3/3) Vaults:3       Tomb (2/3) Crypt:3      Depths (4/4) D:15
   Hell (visited)             Dis (0/7) Hell            Geh (2/7) Hell
    Coc (0/7) Hell            Tar (0/7) Hell            Zot (5/5) Depths:4
  IceCv (visited)

Altars:
Gozag
Hepliaklqana
Kikubaaqudgha
Makhleb
Nemelex Xobeh
Okawaru
Qazlal
Sif Muna
Vehumet
Xom
Jiyva

Shops:
D:2 [   Orc:1 (   Orc:2 !!?*   Elf:1 :=   Elf:2 **   Snake:2 =::   Vaults:2 *
Depths:1 ??!?   Depths:2 *

Portals:
Hell: Depths:1 Depths:2 Depths:3 Depths:4
Abyss: Depths:1 Depths:2 Depths:3 Depths:4
Pandemonium: Depths:2 Depths:3
Ziggurat: Depths:2

Annotations:
Vaults:5 !LEV5!


Innate Abilities, Weirdness & Mutations

You cannot be hasted, slowed, berserked, paralysed or teleported.
You can dig through walls and to a lower floor.
You have a pair of large antennae on your head. (SInv)
Your four strong arms can wield two-handed weapons with a shield.
You are partially covered in large bone plates. (SH +4)
Your magical capacity is low. (-10% MP)
Your system is resistant to poisons. (rPois)
Potions are less effective at restoring your health.


Message History

Unknown command.
Okay, then.
Unknown command.
Press: ? - help, v - describe, . - travel
Here: Xiasavauca (blue smoke, lightly wounded)
The floor.
Unknown command.
Unknown command.
Unknown command.
Unknown command.
Press: ? - help, v - describe, . - travel
Here: a tormentor (blue smoke, moderately wounded)
The floor.
Unknown command.
Unknown command.
You fade into invisibility!
You kill the tormentor!
Vehumet accepts your kill.
You feel your power returning. You block Xiasavauca's attack.
Xiasavauca gestures at you.
Your +5 tower shield of reflection reflects the iron shot!
The iron shot misses Xiasavauca.
Okay, then.
Okay, then.
Unknown command.
Unknown command.
Unknown command.
Okay, then.
Casting: Sticky Flame (safe; 0% risk of failure)
Confirm with . or Enter, or press ? or * to list all spells.
A film of ice covers your body! Xiasavauca gestures at you.
Your +5 tower shield of reflection reflects the iron shot!
The iron shot misses Xiasavauca.
You hit Xiasavauca.
Your weapon exudes an aura of protection.
Xiasavauca is severely wounded.
Xiasavauca gestures at you. The iron shot hits you!!!!
You die...

.... # #... #...#
.##... ##...##....##
#.....#.....###.
#..○.........#..
#..v#...........)
.##...#....v........
.....v...............
.....v......∩........#
.##...#..............#
..... #..............#
##..###..............#
...........§.§§..§§§§#
...........§§§§§§§§§.#
. ..........§§§§§§§.[#
..........§§§§§§§§§#
........{§§.§§§§§§§#
........v...§§@&§..#
...........§§§§§§§#
###.....§.§§§§§§§§..
#.....§.§§§§§§§§..
###..###§§§§§§§... #..
####§###... #. .# ...
.# ..


You could see Xiasavauca.

Vanquished Creatures
  the Royal Jelly (Slime:5)
  12 orbs of fire (Zot:5)
  6 dread liches
  Mennas (Pan)
  5 ancient liches
  Sojobo (Depths:2)
  4 Killer Klowns (Zot:5)
  Vv (Crypt:2)
  A royal mummy (Tomb:1)
  Saint Roka (Vaults:2)
  2 curse toes
  Margery (Crypt:2)
  Geryon (Hell)
  Jory (Crypt:3)
  the Enchantress (Depths:4)
  The ghost of Sorrimu the Spry, an adept DsDe of Fedhas (Elf:2)
  3 golden dragons
  A profane servitor (Pan)
  A bone dragon (Depths:4)
  5 Tzitzimimeh (Pan)
  Rupert (D:15)
  4 electric golems
  Mlioglotl (Snake:4)
  3 doom hounds
  2 hellephants
  2 Ice Fiends (Pan)
  6 liches
  A Hell Sentinel (Pan)
  16 tentacled monstrosities
  A walking earthen tome (Depths:4)
  Grunn (Crypt:2)
  3 deep elf blademasters (Elf:3)
  5 quicksilver dragons
  2 pandemonium lords (Pan)
  23 Orb Guardians (Zot:5)
  2 titans (Vaults:5)
  9 searing wretches
  2 deep elf master archers (Elf:3)
  Murray (Depths:4)
  7 sphinxes
  An Executioner (Pan)
  11 shadow dragons
  Frances (Snake:2)
  7 ancient champions
  7 death cobs
  9 tengu reavers
  19 acid blobs
  An eldritch tentacle (Pan)
  15 storm dragons
  Kirke (Snake:3)
  A thorn hunter (Swamp:3)
  2 nagarajas
  Donald (Elf:2)
  17 fire giants
  Roxanne (Elf:3)
  A demonspawn warmonger (Pan)
  14 rockslimes
  11 deep elf sorcerers
  3 revenants
  6 frost giants
  13 draconian monks
  10 draconian knights
  7 draconian scorchers
  Louise (Depths:3)
  9 azure jellies
  2 ghost moths
  10 balrugs
  3 iron dragons
  26 vault wardens
  2 juggernaut zombies (Depths:1)
  6 deep elf elementalists
  Aizul (Snake:3)
  4 curse skulls (Crypt:1)
  The ghost of wormed the Martial Artist, a journeyman OpTm of Gozag (D:13)
  5 ghouls
  4 cacodemons
  9 draconian shifters
  2 orc warlords
  11 reapers
  8 draconian annihilators
  7 draconian stormcallers
  3 spriggan defenders (Depths:4)
  7 war gargoyles
  10 stone giants
  18 ironbound preservers
  14 quicksilver oozes
  13 black draconians
  5 ironbound thunderhulks
  22 very ugly things
  23 vampire knights
  A putrid mouth (Crypt:1)
  12 deep elf annihilators
  5 eleionomae
  19 white draconians
  8 deep elf demonologists
  10 green draconians
  8 yellow draconians
  A lorocyproca (Pan)
  9 dire elephants
  11 purple draconians
  Azrael (Snake:3)
  A demonspawn black sun (Pan)
  20 red draconians
  2 bunyips
  4 eidola
  10 fire dragons
  A green death (Pan)
  16 ettins
  6 blizzard demons
  A quicksilver dragon zombie (Crypt:3)
  Josephine (Orc:1)
  2 crystal guardians (Vaults:4)
  9 deep elf high priests
  11 jiangshi
  9 deep elf death magi
  6 mummy priests (Tomb:1)
  13 yaktaur captains
  8 great orbs of eyes
  42 vault guards
  A hell beast (Depths:2)
  2 peacekeepers (Vaults:4)
  2 ogre magi
  5 spriggan air magi
  10 ice dragons
  9 ironbound frosthearts
  12 alligators
  9 salamander tyrants
  12 centaur warriors
  A fenstrider witch skeleton (Tomb:1)
  4 death knights
  20 hydras
  A spriggan skeleton (Crypt:2)
  An alligator (shapeshifter) (Vaults:5)
  A stoker (Hell)
  4 deep troll shamans
  21 anacondas
  2 catoblepae
  2 boulder beetles
  24 hell hogs
  14 deep troll earth magi
  Urug (D:11)
  15 death scarabs (Tomb:1)
  12 two-headed ogres
  29 dancing weapons
  8 tengu warriors
  13 naga sharpshooters
  17 vampire magi
  A death yak (Lair:2)
  13 naga warriors
  4 orc high priests
  A storm dragon zombie (Crypt:3)
  An emperor scorpion zombie (Crypt:1)
  10 shock serpents
  16 soul eaters
  22 hell knights
  Nergalle (D:10)
  9 iron trolls
  23 sun demons
  19 deep elf knights
  An iron troll (shapeshifter) (Vaults:5)
  A fire crab (Swamp:4)
  24 skeletal warriors
  9 salamander mystics
  A sea snake (shapeshifter) (Vaults:5)
  6 shadow wraiths
  2 spriggan druids
  2 bunyip zombies (Crypt:3)
  4 goliath frogs
  A storm dragon skeleton (Crypt:2)
  A glowing orange brain (Vaults:3)
  5 flayed ghosts
  15 deep elf archers
  An obsidian statue (Elf:2)
  76 deep trolls
  22 wizards
  An orange crystal statue (Zot:5)
  Pikel (D:6)
  17 lindwurms
  11 necromancers
  12 swamp dragons
  55 deep elf pyromancers
  31 phantasmal warriors
  19 ironbound convokers
  A broodmother zombie (Crypt:2)
  2 bog bodies (Swamp:2)
  2 anaconda skeletons (Hell)
  8 naga ritualists
  8 harpies
  A tengu zombie (Crypt:3)
  An iron dragon zombie (Crypt:3)
  4 fire giant zombies
  50 ugly things
  15 mana vipers
  13 orc knights
  5 orc sorcerers
  36 deep elf zephyrmancers
  A frost giant zombie (Depths:1)
  2 human zombies (Vaults:3)
  23 elephants
  A tengu skeleton (Vaults:3)
  2 manticores
  2 will-o-the-wisps
  4 cyclopes
  An iron dragon skeleton (Depths:1)
  13 shining eyes
  30 moths of wrath
  2 naga zombies
  31 salamanders
  A frost giant skeleton (D:15)
  Maurice (D:10)
  A salamander (shapeshifter) (Elf:1)
  40 black mambas
  3 centaur zombies (Crypt:3)
  Joseph (D:10)
  3 ice statues
  18 vault sentinels
  2 demonic crawlers (Pan)
  An eye of devastation (Slime:5)
  7 guardian serpents
  A fire giant skeleton (Depths:1)
  A stone giant skeleton (Vaults:4)
  5 torpor snails (Lair:5)
  11 smoke demons (Pan)
  2 gargoyles
  17 naga magi
  13 cane toads
  4 orange demons
  9 rust devils
  An alligator snapping turtle zombie (Crypt:1)
  10 komodo dragons
  A hellion (Hell)
  4 spriggan zombies
  A centaur skeleton (Crypt:2)
  An unseen horror (shapeshifter) (Elf:3)
  8 rime drakes
  A sea snake zombie (Hell)
  4 kobold demonologists (D:13)
  4 efreet
  6 freezing wraiths
  An anaconda simulacrum (Hell)
  A death yak zombie (Crypt:3)
  7 tengu conjurers
  60 yaktaurs
  3 tormentors
  A sea snake skeleton (Hell)
  A queen bee (shapeshifter) (Depths:1)
  4 meliai
  A golden dragon simulacrum (Depths:1)
  A mana viper zombie (Crypt:1)
  2 hydra zombies (Hell)
  9 trolls
  10 guardian mummies
  4 hellwings
  11 polar bears
  3 harpy zombies
  Prince Ribbit (D:6)
  22 hornets
  A harpy skeleton (Crypt:2)
  20 blink frogs
  A fire dragon zombie (Crypt:2)
  15 tyrant leeches
  An alligator zombie (Hell)
  6 dream sheep (Lair:3)
  A tarantella zombie (Crypt:3)
  A meliai zombie (Crypt:3)
  2 raiju (Lair:5)
  A death drake skeleton (Crypt:1)
  A hydra skeleton (Hell)
  A guardian serpent zombie (Crypt:2)
  A black mamba zombie (Crypt:3)
  3 ynoxinuls (Pan)
  3 flying skulls (Crypt:1)
  A centaur simulacrum (Tomb:1)
  142 slime creatures
  15 spriggans
  2 air elementals
  19 wraiths
  4 water elementals
  39 yaks
  2 hogs (Snake:3)
  4 wyverns
  4 humans (Snake:4)
  6 ushabtiu
  Eustachio (D:4)
  10 golden eyes
  4 fire bats (Depths:2)
  8 chaos spawn (Pan)
  The ghost of MineK the Skirmisher, an amateur GnWn (D:4)
  7 basilisks
  A yaktaur simulacrum (Vaults:4)
  8 fire elementals
  A human (shapeshifter) (D:15)
  6 vampire mosquitoes
  A steam dragon (Swamp:4)
  2 neqoxecs
  A harpy simulacrum (Tomb:2)
  8 wargs
  4 large abominations (Pan)
  14 swamp worms
  40 nagas
  2 acid dragons
  2 glowing shapeshifter zombies
  12 water moccasins
  A faun zombie (Crypt:2)
  14 hell hounds
  2 ice beasts
  A deep troll skeleton (Crypt:1)
  10 swamp drakes
  29 orc warriors
  2 sky beasts
  11 black bears (Lair:5)
  5 boggarts (Vaults:4)
  15 centaurs
  15 ogres
  2 lemures (D:6)
  22 wolves
  A torpor snail zombie (Crypt:2)
  A komodo dragon zombie (Crypt:2)
  3 phantoms
  7 kobold brigands
  12 bullfrogs
  2 earth elementals
  2 necrophages
  A cyclops zombie (Crypt:1)
  A komodo dragon skeleton (Crypt:3)
  4 scorpions
  4 gnoll sergeants
  14 wights
  21 killer bees
  4 lindwurm simulacra (IceCv)
  A warg skeleton (Crypt:1)
  3 electric eels (Lair:4)
  3 howler monkeys
  A shapeshifter skeleton (Crypt:3)
  6 komodo dragon simulacra (IceCv)
  A hound (D:6)
  5 jellies
  14 orc priests
  A black bear skeleton (Crypt:2)
  A boggart zombie (Crypt:3)
  5 iguanas
  24 orc wizards
  5 hell rats (Lair:5)
  11 mummies
  A howler monkey zombie (Crypt:2)
  10 gnolls
  8 acid dragon simulacra (IceCv)
  5 adders
  4 white imps
  An ufetubus (D:7)
  3 steam dragon simulacra (IceCv)
  2 iguana zombies (Crypt:3)
  A lava snake skeleton (Crypt:1)
  3 worms
  4 dart slugs
  76 orcs
  10 bats
  8 endoplasms
  2 giant cockroaches (D:1)
  5 goblins
  5 hobgoblins
  10 jackals
  A quokka (D:2)
  9 ball pythons
  4 frilled lizards
  A hobgoblin zombie (D:7)
  8 kobolds
  A kobold zombie (D:7)
  4 rats
  35 ball lightnings
  A creeping inferno (Hell)
  248 fire vortices
3232 creatures vanquished.

Vanquished Creatures (collateral kills)
  2 dread liches (Zot:5)
  An electric golem (Zot:4)
  A tentacled monstrosity (Zot:5)
  2 Orb Guardians (Zot:5)
  3 acid blobs (Slime:5)
  A sphinx (Tomb:1)
  A draconian monk (Zot:3)
  A vault warden (Vaults:5)
  A draconian scorcher (Zot:5)
  An ironbound preserver (Vaults:3)
  4 vampire knights (Crypt:3)
  3 very ugly things
  2 stone giants
  A black draconian (Depths:4)
  2 white draconians
  A yellow draconian (Zot:5)
  A vault guard (Vaults:1)
  A death scarab (Tomb:1)
  A titan zombie (Crypt:2)
  A soul eater (Hell)
  2 skeletal warriors (Crypt:1)
  A bunyip zombie (Crypt:3)
  A flayed ghost (Crypt:3)
  An ironbound convoker (Vaults:3)
  A fire giant zombie (Vaults:3)
  A wizard (Depths:3)
  A phantasmal warrior (Crypt:3)
  A vault sentinel (Vaults:5)
  2 yaktaurs
  A steelbarb worm zombie (Crypt:1)
  A hydra zombie (Crypt:3)
  A queen bee (D:13)
  4 slime creatures
  A spriggan (Depths:4)
  3 golden eyes
  A yaktaur simulacrum (Vaults:4)
  A wyvern skeleton (Crypt:1)
  2 killer bees (D:13)
  2 mummies
  A kobold zombie (Crypt:1)
  39 ball lightnings
99 creatures vanquished.

Vanquished Creatures (others)
  Nikola (Swamp:2)
  A rakshasa (Depths:2)
  A tengu warrior (Depths:2)
  A deep elf knight (Elf:2)
  A goliath frog (Swamp:2)
  A deep elf zephyrmancer (Depths:3)
  A mana viper (Snake:4)
  2 moths of wrath (Zot:2)
  A will-o-the-wisp (Swamp:2)
  A bloated husk (Swamp:1)
  A human (Snake:4)
  A steam dragon (Swamp:4)
  3 swamp drakes (Swamp:4)
  A ball python (D:3)
  782 ball lightnings
  802 fire vortices
  5 foxfires
  56 fungi
  62 plants
  A withered plant (D:15)
1725 creatures vanquished.

Grand Total: 5056 creatures vanquished

Notes
Turn   | Place    | Note
-------+----------+-------------------------------------------
     0 | D:5      | petzl the Formicid Delver began the quest for the Orb.
     0 | D:5      | Reached XP level 1. HP: 18/18 MP: 1/1
    30 | D:7      | Noticed a centaur
    30 | D:7      | Noticed a phantom
    94 | D:4      | Noticed a jelly
    94 | D:4      | Noticed an iguana
    97 | D:4      | You fall into a shaft and drop 2 floors!
   232 | D:4      | Found a large runed translucent door.
   232 | D:4      | Found a large runed translucent door.
   237 | D:4      | Found a large runed translucent door.
   237 | D:4      | Found a large runed translucent door.
   238 | D:4      | Noticed a bullfrog
   238 | D:4      | Noticed a water moccasin
   352 | D:4      | Identified the +7 dagger of the Mind {freeze, rF+}
   376 | D:5      | Noticed an ogre
   435 | D:4      | Reached skill level 1 in Spellcasting
   436 | D:4      | Reached XP level 2. HP: 18/24 MP: 2/4
   476 | D:4      | Reached skill level 2 in Spellcasting
   476 | D:4      | Reached XP level 3. HP: 29/29 MP: 5/7
   524 | D:5      | Noticed a scorpion
   610 | D:4      | Noticed a scorpion
   713 | D:4      | Noticed Eustachio
   732 | D:3      | Reached skill level 3 in Spellcasting
   743 | D:3      | Reached XP level 4. HP: 35/35 MP: 8/8
   840 | D:3      | Reached skill level 1 in Short Blades
  1087 | D:1      | Found a faded altar of an unknown god.
  2064 | D:2      | Reached XP level 5. HP: 40/41 MP: 10/10
  2080 | D:2      | Found Tibybb's Antique Armour Boutique.
  2157 | D:2      | Reached skill level 4 in Spellcasting
  2819 | D:3      | You fall into a shaft and drop 1 floor!
  2916 | D:4      | Reached XP level 6. HP: 47/47 MP: 11/13
  2922 | D:4      | Reached skill level 5 in Spellcasting
  3017 | D:4      | Found a transporter.
  3018 | D:4      | Noticed MineK's ghost (amateur GnWn)
  3020 | D:4      | Found a transporter.
  3035 | D:4      | You fall into a shaft and drop 1 floor!
  3146 | D:5      | Noticed an ogre
  3234 | D:3      | Found a radiant altar of Vehumet.
  3261 | D:3      | Became a worshipper of Vehumet
  3481 | D:3      | Found a sparkling altar of Nemelex Xobeh.
  3483 | D:3      | Found a broken altar of Ashenzari.
  3483 | D:3      | Found a shimmering altar of Xom.
  3485 | D:3      | Found a glowing silver altar of Zin.
  3485 | D:3      | Found a shadowy altar of Dithmenos.
  3485 | D:3      | Found an ancient bone altar of Kikubaaqudgha.
  3880 | D:4      | Reached XP level 7. HP: 35/52 MP: 15/15
  4492 | D:4      | Killed Eustachio
  4493 | D:4      | Reached skill level 6 in Spellcasting
  4683 | D:5      | Reached XP level 8. HP: 58/58 MP: 16/18
  4719 | D:5      | Reached * piety under Vehumet
  4719 | D:5      | Offered knowledge of Kiss of Death by Vehumet.
  4720 | D:5      | Reached skill level 7 in Spellcasting
  4722 | D:5      | Learned a level 1 spell: Kiss of Death
  4726 | D:5      | Learned a level 3 spell: Hailstorm
  4745 | D:5      | Reached skill level 1 in Conjurations
  4762 | D:5      | Learned a level 5 spell: Fireball
  5343 | D:6      | Noticed Pikel
  5393 | D:6      | Reached skill level 1 in Necromancy
  5402 | D:6      | Reached skill level 1 in Ice Magic
  5503 | D:6      | Reached skill level 1 in Fire Magic
  5814 | D:6      | Noticed Prince Ribbit
  5822 | D:6      | Gained mutation: Your spells are a little easier to cast,
                  | but a little less powerful. [potion of mutation]
  5822 | D:6      | Gained mutation: Your flesh is heat resistant. (rF+)
                  | [potion of mutation]
  5823 | D:6      | Killed Prince Ribbit
  6040 | D:6      | Identified a scroll of acquirement
  6041 | D:6      | Acquired the ring of Dithmenos's Approval {rPois rF+ EV+5
                  | Int+4}
  6314 | D:6      | Reached XP level 9. HP: 64/64 MP: 19/19
  6628 | D:6      | Killed Pikel
  6852 | D:7      | Found an opulent altar of Gozag.
  6973 | D:7      | Acquired the +2 pair of boots "Cupt" {Regen+ Int+5}
  7090 | D:7      | Reached skill level 5 in Fire Magic
  7337 | D:7      | Found a staircase to the Ecumenical Temple.
  7342 | D:7      | Got Sif Muna's Tractate on Forceful Poisoning
  7347 | D:7      | Reached skill level 5 in Conjurations
  7407 | D:7      | Reached ** piety under Vehumet
  7407 | D:7      | Offered knowledge of Static Discharge by Vehumet.
  7694 | D:4      | Identified the amulet of Xoni {Faith -Cast rElec Dex+2}
  8102 | D:8      | Reached XP level 10. HP: 61/66 MP: 19/21
  8276 | D:8      | Found an iron altar of Okawaru.
  8277 | D:8      | Found a burning altar of Makhleb.
  8388 | D:9      | Found a staircase to the Lair.
  8583 | D:9      | Found a stormy altar of Qazlal.
  8771 | D:9      | Identified the +2 leather armour of the Dragon {rC+++ Int-4
                  | Dex+3 SInv}
  8786 | D:8      | Offered knowledge of Searing Ray by Vehumet.
  8904 | D:8      | Reached skill level 5 in Fighting
  9315 | D:8      | Reached skill level 8 in Spellcasting
  9685 | D:8      | Reached XP level 11. HP: 75/76 MP: 8/23
  9778 | D:10     | Entered Level 10 of the Dungeon
  9985 | D:10     | Noticed a two-headed ogre
  9993 | D:10     | Killed a two-headed ogre
 10020 | D:9      | Reached *** piety under Vehumet
 10312 | D:9      | Reached skill level 1 in Armour
 10398 | D:9      | Reached skill level 1 in Evocations
 10592 | D:9      | Identified the +0 robe of Privacy {rC+}
 10825 | D:10     | Noticed an eight-headed hydra
 10825 | D:10     | Noticed a centaur warrior
 10864 | D:11     | Noticed Urug
 10900 | D:10     | Offered knowledge of Mephitic Cloud by Vehumet.
 10905 | D:10     | Learned a level 3 spell: Mephitic Cloud
 10906 | D:10     | Noticed a skeletal warrior
 10986 | D:10     | Noticed an orc knight
 10992 | D:10     | Noticed a skeletal warrior
 11169 | Lair:1   | Entered Level 1 of the Lair of Beasts
 11217 | D:9      | Reached skill level 1 in Poison Magic
 11276 | Lair:1   | Reached skill level 1 in Air Magic
 11465 | D:9      | Reached skill level 9 in Spellcasting
 11636 | Lair:1   | Reached **** piety under Vehumet
 11637 | Lair:1   | Reached XP level 12. HP: 55/89 MP: 16/25
 12059 | Lair:1   | Identified the +8 ring mail "Cempasav" {rElec}
 12113 | Lair:1   | Offered knowledge of Lee's Rapid Deconstruction by Vehumet.
 12138 | Lair:1   | Reached skill level 1 in Ranged Weapons
 12323 | Lair:2   | Found a staircase to the Swamp.
 12422 | Lair:1   | Reached skill level 5 in Armour
 12739 | D:10     | Noticed Joseph
 12756 | D:10     | Killed Joseph
 12774 | D:10     | Noticed Maurice
 12783 | D:10     | Killed Maurice
 13550 | Lair:1   | Lost mutation: Your flesh is heat resistant. (rF+) [potion
                  | of mutation]
 13550 | Lair:1   | Lost mutation: Your spells are a little easier to cast, but
                  | a little less powerful. [potion of mutation]
 13550 | Lair:1   | Gained mutation: You are dopey. (Int -2) [potion of
                  | mutation]
 13551 | Lair:1   | Lost mutation: You are dopey. (Int -2) [potion of mutation]
 13551 | Lair:1   | Gained mutation: Your magical capacity is low. (-10% MP)
                  | [potion of mutation]
 13552 | Lair:1   | Lost mutation: Your magical capacity is low. (-10% MP)
                  | [potion of mutation]
 13552 | Lair:1   | Gained mutation: Your muscles are strong. (Str +4, Int/Dex
                  | -1) [potion of mutation]
 13552 | Lair:1   | Gained mutation: Your spells are a little harder to cast,
                  | but a little more powerful. [potion of mutation]
 13800 | Lair:2   | Reached XP level 13. HP: 98/98 MP: 20/26
 14110 | Lair:2   | Noticed a five-headed hydra
 14421 | Lair:2   | You fall into a shaft and drop 1 floor!
 14655 | Lair:2   | You fall into a shaft and drop 2 floors!
 14683 | Lair:4   | Reached skill level 10 in Spellcasting
 14753 | Lair:4   | Reached ***** piety under Vehumet
 14763 | Lair:4   | Reached skill level 10 in Stealth
 14887 | Lair:5   | Entered Level 5 of the Lair of Beasts
 14956 | Lair:5   | Noticed an eight-headed hydra
 14999 | Lair:5   | Noticed a catoblepas
 15629 | Lair:2   | Offered knowledge of Yara's Violent Unravelling by Vehumet.
 15857 | Lair:2   | Found a staircase to the Snake Pit.
 17295 | Lair:1   | You fall into a shaft and drop 1 floor!
 17330 | Lair:1   | You fall into a shaft and drop 1 floor!
 17376 | Lair:1   | Killed a five-headed hydra
 17500 | D:10     | Killed a centaur warrior
 17501 | D:10     | Reached XP level 14. HP: 89/108 MP: 15/28
 17570 | D:9      | You fall into a shaft and drop 1 floor!
 17575 | D:10     | Learned a level 3 spell: Stone Arrow
 17691 | Lair:2   | Learned a level 7 spell: Orb of Destruction
 17698 | Lair:2   | Learned a level 6 spell: Conjure Ball Lightning
 17707 | Snake:1  | Entered Level 1 of the Snake Pit
 17744 | Lair:2   | Lost mutation: Your muscles are strong. (Str +4, Int/Dex
                  | -1) [potion of mutation]
 17744 | Lair:2   | Lost mutation: Your spells are a little harder to cast, but
                  | a little more powerful. [potion of mutation]
 17744 | Lair:2   | Gained mutation: You are agile. (Dex +4, Str/Int -1)
                  | [potion of mutation]
 17744 | Lair:2   | Gained mutation: You expend magic power (3 MP) to
                  | strengthen your wands. [potion of mutation]
 17744 | Lair:2   | Gained mutation: You are partially covered in iridescent
                  | scales. (AC +2) [potion of mutation]
 17745 | Lair:2   | Lost mutation: You are partially covered in iridescent
                  | scales. (AC +2) [potion of mutation]
 17745 | Lair:2   | Lost mutation: You are agile. (Dex +4, Str/Int -1) [potion
                  | of mutation]
 17745 | Lair:2   | Gained mutation: You have hidden genetic potential. [potion
                  | of mutation]
 17745 | Lair:2   | Gained mutation: Your spells are a little harder to cast,
                  | but a little more powerful. [potion of mutation]
 17776 | Swamp:1  | Entered Level 1 of the Swamp
 17929 | Swamp:1  | Reached skill level 10 in Conjurations
 18380 | Lair:4   | Reached skill level 11 in Spellcasting
 18721 | Lair:5   | Reached skill level 5 in Air Magic
 18957 | Lair:5   | Reached skill level 10 in Fighting
 19231 | Lair:5   | Found a viscous altar of Jiyva.
 19232 | Lair:5   | Found a staircase to the Slime Pits.
 19783 | Lair:5   | Offered knowledge of Freezing Cloud by Vehumet.
 19802 | Lair:4   | Learned a level 5 spell: Freezing Cloud
 20110 | Lair:5   | Identified the +3 ring mail "Zalleet" {Rampage rCorr Int-3}
 20334 | Lair:5   | Found a runed translucent door.
 21265 | Lair:5   | Reached XP level 15. HP: 94/117 MP: 3/30
 21412 | Lair:5   | Gained mutation: Your mind is acute. (Int +4, Str/Dex -1)
                  | [hidden potential]
 21756 | Lair:5   | Reached skill level 13 in Spellcasting
 21756 | Lair:5   | Reached XP level 16. HP: 124/124 MP: 23/33
 21807 | Lair:5   | Offered knowledge of Spellforged Servitor by Vehumet.
 23619 | D:15     | Entered Level 15 of the Dungeon
 24491 | D:13     | Reached skill level 5 in Ice Magic
 25097 | D:11     | Killed Urug
 25204 | D:11     | Found a staircase to the Orcish Mines.
 25308 | D:11     | Offered knowledge of Irradiate by Vehumet.
 25797 | D:13     | Reached skill level 1 in Shields
 26234 | D:14     | Gained mutation: You are partially covered in iridescent
                  | scales. (AC +2) [hidden potential]
 26234 | D:14     | Lost mutation: You have hidden genetic potential. [hidden
                  | potential expressed]
 26603 | D:15     | Reached XP level 17. HP: 116/131 MP: 13/34
 26607 | D:15     | Reached skill level 14 in Spellcasting
 26715 | D:15     | Noticed Rupert
 26725 | D:15     | Killed Rupert
 28010 | D:10     | Identified the +11 long sword of Tenacity {flame, Fragile
                  | rElec Str+5}
 28037 | D:10     | Noticed Nergalle
 28046 | D:10     | Killed Nergalle
 28341 | Orc:1    | Entered Level 1 of the Orcish Mines
 28346 | Orc:1    | Found Kettoshe's Antique Weapon Boutique.
 28394 | Orc:1    | Found a frozen archway.
 28500 | IceCv    | Entered an ice cave
 29057 | IceCv    | Identified the ring "Qyudgh" {Contam rCorr Int+6 SInv}
 29292 | Orc:1    | Noticed Josephine
 29297 | Orc:1    | Killed Josephine
 29877 | Orc:2    | Entered Level 2 of the Orcish Mines
 30514 | Orc:2    | Found a staircase to the Elven Halls.
 30680 | Orc:2    | Reached ****** piety under Vehumet
 30691 | Orc:2    | Offered knowledge of Ozocubu's Refrigeration by Vehumet.
 30693 | Orc:2    | Reached skill level 5 in Shields
 30855 | Orc:2    | Found Tenu Sidij's Magic Scroll Shoppe.
 30859 | Orc:2    | Found Ufoergh's Distillery.
 30991 | Orc:2    | Found Pegiu's Distillery.
 30994 | Orc:2    | Found Puisos's General Store.
 31029 | Orc:2    | Bought a scroll of enchant weapon for 112 gold pieces
 31029 | Orc:2    | Bought a scroll of enchant weapon for 112 gold pieces
 31031 | Orc:2    | Bought a potion of resistance for 170 gold pieces
 31031 | Orc:2    | Bought a potion of curing for 51 gold pieces
 31039 | Orc:2    | Bought a potion of heal wounds for 60 gold pieces
 31039 | Orc:2    | Bought 2 potions of heal wounds for 120 gold pieces
 31041 | Orc:2    | Bought a wand of iceblast (2) for 72 gold pieces
 31041 | Orc:2    | Bought a potion of cancellation for 120 gold pieces
 31228 | Elf:1    | Entered Level 1 of the Elven Halls
 31388 | Elf:1    | Reached skill level 15 in Spellcasting
 31848 | Elf:1    | Noticed a Tzitzimitl
 31923 | Elf:1    | Reached XP level 18. HP: 91/141 MP: 25/37
 32286 | Elf:1    | Offered knowledge of Yara's Violent Unravelling by Vehumet.
 32485 | Elf:1    | Found Ralim's Jewellery Shop.
 32485 | Elf:1    | Found Momul's Book Boutique.
 32532 | Elf:1    | Bought a book of Alchemy for 336 gold pieces
 32535 | Elf:1    | Learned a level 2 spell: Sublimation of Blood
 32924 | Elf:1    | Got Dispater's Essays on the Impact
 33607 | Elf:1    | Found a shimmering blue altar of Sif Muna.
 33639 | Elf:2    | Identified the +0 ring mail of Chill Winds {Str+6 Int-5
                  | Slay+4}
 33928 | Elf:2    | Found a runed translucent gate.
 33928 | Elf:2    | Found a runed translucent gate.
 33940 | Elf:2    | Found a runed translucent gate.
 34128 | Elf:2    | Found a runed translucent gate.
 34129 | Elf:2    | Found a runed translucent gate.
 34129 | Elf:2    | Found a runed translucent gate.
 34130 | Elf:2    | Found an opulent altar of Gozag.
 34131 | Elf:2    | Found Tecomimuedd's Assorted Antiques.
 34131 | Elf:2    | Noticed Sorrimu's ghost (adept DsDe)
 34133 | Elf:2    | Found Ollutsek's Assorted Antiques.
 34142 | Elf:2    | Reached skill level 16 in Spellcasting
 34345 | Elf:3    | Entered Level 3 of the Elven Halls
 34451 | Elf:2    | Noticed Donald
 34460 | Elf:2    | Killed Donald
 35717 | Elf:3    | Offered knowledge of Ignition by Vehumet.
 35727 | Elf:3    | Learned a level 8 spell: Ignition
 35875 | Elf:3    | Found a radiant altar of Vehumet.
 35955 | Elf:3    | Noticed Roxanne
 36029 | Elf:3    | Reached skill level 5 in Necromancy
 36151 | Elf:3    | Killed Roxanne
 36406 | Elf:3    | Noticed an Executioner
 36421 | Elf:3    | Noticed a deep elf blademaster
 36424 | Elf:3    | Killed a deep elf blademaster
 36425 | Elf:3    | Reached XP level 19. HP: 149/150 MP: 20/39
 36425 | Elf:3    | Noticed a deep elf blademaster
 36427 | Elf:3    | Killed a deep elf blademaster
 36671 | Elf:3    | Identified the +8 great sword "Jearos" {elec, Fragile Fly
                  | rElec Dex+8}
 36671 | Elf:3    | Identified the ring "Tawevat" {rN+ Dex+6}
 36919 | Elf:3    | Noticed a Hell Sentinel
 37088 | Elf:3    | Identified the +7 plate armour of Analysis {Contam Rampage
                  | Int+3}
 37088 | Elf:3    | Noticed a deep elf blademaster
 37243 | Elf:3    | Killed a deep elf blademaster
 37586 | Elf:3    | Reached skill level 10 in Shields
 37861 | Elf:3    | Found the +8 storm bow {elec, penet}
 37887 | Elf:3    | Got Meykh's Essays on the Geological Jinx
 37892 | Elf:3    | Got the Teachings on Flammable Bewitchment
 37895 | Elf:3    | Identified the +0 chain mail of Xutuff {-Tele rC+ Dex+4}
 37906 | Elf:3    | Learned a level 1 spell: Apportation
 37969 | Elf:3    | Identified the +7 shortbow of Poverty {drain, Fragile rElec
                  | Str+6}
 37975 | Elf:3    | Got the Enchiridion on the Poisonous Fair Folk
 38162 | Elf:2    | You fall into a shaft and drop 1 floor!
 38334 | Elf:2    | Offered knowledge of Lehudib's Crystal Spear by Vehumet.
 38334 | Elf:2    | Offered knowledge of Chain Lightning by Vehumet.
 38334 | Elf:2    | Offered knowledge of Polar Vortex by Vehumet.
 38403 | Elf:2    | Bought a potion of curing for 81 gold pieces
 38412 | Elf:2    | Bought a potion of curing for 114 gold pieces
 38412 | Elf:2    | Bought a scroll of fog for 152 gold pieces
 38412 | Elf:2    | Bought a potion of curing for 114 gold pieces
 38841 | Elf:2    | Reached skill level 10 in Armour
 39145 | Elf:2    | Reached XP level 20. HP: 159/159 MP: 28/40
 39242 | Elf:2    | Reached skill level 17 in Spellcasting
 39703 | D:11     | Upgraded the game from 0.30-a0-586-g23e55c9e0a to
                  | 0.30-a0-605-gb2882149bf
 40496 | Swamp:1  | Identified the +9 scimitar of Charity {protect, rElec}
 40672 | Swamp:2  | Noticed Nikola
 40721 | Swamp:2  | Killed Nikola
 41064 | Swamp:3  | Reached skill level 15 in Conjurations
 41621 | Swamp:4  | Entered Level 4 of the Swamp
 42085 | Swamp:4  | Reached skill level 5 in Ranged Weapons
 42499 | Swamp:4  | Got a decaying rune of Zot
 43085 | Snake:1  | Reached skill level 10 in Fire Magic
 43094 | Snake:1  | Reached XP level 21. HP: 131/166 MP: 38/42
 43382 | Snake:1  | Identified the +6 arbalest of Sunlight {drain, rElec Int+2}
 43472 | Snake:1  | Learned a level 4 spell: Sticky Flame
 44240 | Snake:2  | Noticed Frances
 44247 | Snake:2  | Killed Frances
 44322 | Snake:2  | Found Gaaxa's Jewellery Boutique.
 44322 | Snake:2  | Found Jotsejuisi's Book Shoppe.
 44323 | Snake:2  | Found Quim's Book Shoppe.
 44978 | Snake:2  | You are sucked into a shaft and drop 1 floor!
 45635 | Snake:4  | Entered Level 4 of the Snake Pit
 45638 | Snake:3  | Identified the +1 robe of a bailey {rC+ Dex+4}
 45917 | Snake:3  | Reached skill level 18 in Spellcasting
 46012 | Snake:3  | Noticed Azrael
 46015 | Snake:3  | Killed Azrael
 46391 | Snake:4  | Noticed Mlioglotl
 46435 | Snake:4  | Noticed Aizul
 46435 | Snake:4  | Noticed Kirke
 46585 | Snake:3  | Killed Aizul
 46585 | Snake:3  | Killed Kirke
 46919 | Snake:4  | Killed Mlioglotl
 46924 | Snake:4  | Reached XP level 22. HP: 151/173 MP: 29/44
 47697 | Snake:4  | Upgraded the game from 0.30-a0-605-gb2882149bf to
                  | 0.30-a0-613-gdd512c7efb
 47889 | Snake:4  | Got a serpentine rune of Zot
 48225 | Snake:2  | Bought Esmou's Lectures on Misty Intoxication for 520 gold
                  | pieces
 48238 | Snake:2  | Learned a level 4 spell: Olgreb's Toxic Radiance
 48761 | D:13     | Found a gate to the Vaults.
 48982 | D:13     | Found a transporter.
 48982 | D:13     | Found a transporter.
 48987 | D:13     | Noticed wormed's ghost (journeyman OpTm)
 49344 | D:14     | Found a shimmering blue altar of Sif Muna.
 49476 | D:14     | Identified the +3 rapier "Kacue" {heavy, SInv}
 49838 | D:15     | Found a staircase to the Depths.
 50079 | Depths:1 | Entered Level 1 of the Depths
 50489 | Depths:1 | Found an ancient bone altar of Kikubaaqudgha.
 50517 | Depths:1 | Identified the +7 crystal plate armour of Reason {Int+4}
 50693 | Depths:1 | Found a gateway to Hell.
 50883 | Depths:1 | Found a one-way gate to the infinite horrors of the Abyss.
 51058 | Depths:1 | Reached skill level 15 in Fire Magic
 51303 | Depths:1 | Reached skill level 19 in Spellcasting
 51429 | Depths:1 | Found Ozajusua's Magic Scroll Boutique.
 51435 | Depths:1 | Found Iwejic's Magic Scroll Boutique.
 51440 | Depths:1 | Found Ylounl Nuiz's Distillery.
 51527 | Depths:1 | Found Aghid's Magic Scroll Boutique.
 51542 | Depths:1 | Bought a potion of heal wounds for 90 gold pieces
 51542 | Depths:1 | Bought 2 potions of cancellation for 288 gold pieces
 51542 | Depths:1 | Bought a potion of degeneration for 18 gold pieces
 51602 | Depths:1 | Reached XP level 23. HP: 143/179 MP: 43/46
 51640 | Depths:2 | Noticed Sojobo
 52046 | Depths:2 | Killed Sojobo
 52418 | Depths:2 | Noticed a dread lich
 52419 | Depths:2 | Found a one-way gateway to a ziggurat.
 52419 | Depths:2 | Noticed a dread lich
 52575 | Depths:2 | Killed a dread lich
 52578 | Depths:2 | Killed a dread lich
 52690 | Depths:2 | Found Big Baal Hell's Store.
 52761 | Depths:2 | Found a one-way gate leading to the halls of Pandemonium.
 53080 | Depths:2 | Found a shimmering blue altar of Sif Muna.
 53096 | Depths:2 | You fall into a shaft and drop 1 floor!
 53159 | Depths:4 | Entered Level 4 of the Depths
 53379 | Depths:4 | HP: 2/179 [bone dragon (7)]
 53478 | Depths:2 | Learned a level 9 spell: Fire Storm
 53526 | Depths:3 | Noticed Louise
 53533 | Depths:3 | Killed Louise
 53787 | Depths:2 | Noticed a dread lich
 53802 | Depths:2 | Killed a dread lich
 53847 | Depths:2 | Noticed an ancient lich
 53853 | Depths:2 | Killed an ancient lich
 53986 | Depths:2 | Identified the ring "Hitwokas" {Wiz Fly rF+ Int+6 Stlth-}
 54089 | Depths:2 | Got the Discourse on the Graveyard
 54215 | Depths:2 | Got the Atlas of the Amassed Fault
 54243 | Depths:2 | Got the Anthology of Frostbound Aeromancy
 54245 | Depths:2 | Got Ythur's Essays on Metal and Adjuration
 54252 | Depths:2 | Learned a level 3 spell: Ozocubu's Armour
 54690 | Depths:3 | Reached XP level 24. HP: 187/187 MP: 37/46
 54695 | Depths:3 | Noticed an ancient lich
 54717 | Depths:3 | Killed an ancient lich
 54895 | Depths:3 | Identified the ring "Nuikev" {rElec rPois Int-2 Dex-4 SInv}
 54965 | Depths:3 | Reached skill level 20 in Spellcasting
 55001 | Depths:3 | Identified the +6 scale mail of Hick {rN++}
 55437 | Depths:3 | Found a burning altar of Makhleb.
 55750 | Depths:4 | Noticed the Enchantress
 55752 | Depths:4 | Killed the Enchantress
 56198 | Depths:4 | Found a gate to the Realm of Zot.
 56819 | Slime:1  | Entered Level 1 of the Pits of Slime
 58251 | Slime:4  | Reached skill level 15 in Fighting
 58514 | Slime:5  | Entered Level 5 of the Pits of Slime
 58550 | Slime:5  | Reached XP level 25. HP: 194/194 MP: 47/47
 58592 | Slime:5  | Noticed the Royal Jelly
 58914 | Slime:5  | Gained mutation: You are frail. (-10% HP) [a shining eye]
 59053 | Slime:3  | Lost mutation: Your spells are a little harder to cast, but
                  | a little more powerful. [a shining eye]
 59219 | Slime:5  | Killed the Royal Jelly
 59436 | Slime:5  | Found the +5 demon whip "Spellbinder" {antimagic, Will+}
 59683 | Slime:5  | Learned a level 4 spell: Passage of Golubria
 59703 | Slime:5  | Got a slimy rune of Zot
 59711 | Slime:5  | Identified the +3 trident of the Fray {antimagic, Will+}
 59711 | Slime:5  | Found the +12 pair of quick blades "Gyre" and "Gimble"
                  | {protect}
 59734 | Slime:5  | Identified the +0 scale mail of the Mantidfly {Str+4}
 59758 | Slime:5  | Identified the +7 morningstar of Impish Integrity {vamp,
                  | Int+8}
 59774 | Slime:5  | Got the Atlas of Harmful Position
 59801 | Slime:5  | Identified the +5 glaive of Heogit {protect, Dex+6}
 59807 | Slime:5  | Got the Tome of Ice and the Comitatus
 59821 | Slime:5  | Identified the +0 pair of boots of Dowdy Beauty {rF+ rCorr
                  | Int+2}
 59827 | Slime:5  | Identified the +6 dire flail of Ukulunes {flame, rElec
                  | Stlth+}
 60140 | Vaults:1 | Entered Level 1 of the Vaults
 60564 | Vaults:1 | Reached skill level 1 in Translocations
 60939 | Vaults:2 | Found Jaonn's General Store.
 60945 | Vaults:2 | Found a portal to a secret trove of treasure.
 61147 | Depths:1 | Bought a scroll of enchant weapon for 127 gold pieces
 61230 | Hell     | Entered the Vestibule of Hell
 61230 | Hell     | Noticed Geryon
 61235 | Hell     | Killed Geryon
 61339 | Hell     | Noticed Murray
 61372 | Depths:4 | Killed Murray
 61672 | Vaults:1 | Identified the +1 scale mail of Bototi {rN+}
 61918 | Vaults:1 | Identified the +1 robe of Slovenliness {rF+ rN+ Str+3
                  | Stlth-}
 61975 | Vaults:1 | Found a radiant altar of Vehumet.
 61976 | Vaults:1 | Found the +4 robe of Folly {Brilliance Will-∞ Int+8}
 61996 | Vaults:1 | Identified the +2 robe of Zaik {rF+ rC++ Slay+2}
 62009 | Vaults:1 | Identified the +1 hat of Xunoh {Harm +Blink rF++ Int-2}
 62015 | Vaults:1 | Identified the +1 robe of Cadiulis {Regen+}
 62178 | Vaults:1 | Reached XP level 26. HP: 185/185 MP: 40/47
 62332 | Vaults:2 | Reached skill level 10 in Ice Magic
 62367 | Vaults:2 | Reached skill level 21 in Spellcasting
 62431 | Vaults:2 | Noticed Saint Roka
 62444 | Vaults:2 | Killed Saint Roka
 62804 | Vaults:4 | Reached skill level 5 in Translocations
 63826 | Vaults:2 | Identified the +0 robe of the Four Ears {rN++}
 64033 | Vaults:3 | Found a staircase to the Crypt.
 64039 | Crypt:1  | Entered Level 1 of the Crypt
 65140 | Vaults:4 | Reached XP level 27. HP: 180/195 MP: 44/48
 66197 | Crypt:2  | Noticed Grunn
 66201 | Crypt:2  | Killed Grunn
 68443 | Crypt:3  | Entered Level 3 of the Crypt
 68600 | Crypt:2  | Noticed Margery
 68608 | Crypt:2  | Killed Margery
 68726 | Crypt:2  | Noticed Vv
 68736 | Crypt:2  | Killed Vv
 68986 | Crypt:2  | Reached skill level 22 in Spellcasting
 69910 | Depths:2 | Bought a potion of experience for 3300 gold pieces
 70240 | Crypt:1  | Upgraded the game from 0.30-a0-613-gdd512c7efb to
                  | 0.30-a0-618-gd6c86c23d0
 71457 | Crypt:3  | Found an ancient bone altar of Kikubaaqudgha.
 71497 | Crypt:3  | Noticed Jory
 71507 | Crypt:3  | Killed Jory
 71665 | Crypt:3  | Identified the ring of Qosoewy {rN+ Str+5}
 71910 | Crypt:3  | Identified the ring "Fiext" {*Slow +Blink rF+ rN+}
 72093 | Crypt:3  | Found a staircase to the Tomb.
 72102 | Tomb:1   | Entered Level 1 of the Tomb of the Ancients
 72511 | Tomb:1   | Noticed a royal mummy
 72557 | Tomb:1   | Killed a royal mummy
 72944 | Tomb:1   | Reached skill level 23 in Spellcasting
 73749 | D:11     | Learned a level 9 spell: Polar Vortex
 73755 | D:11     | Lost mutation: You are frail. (-10% HP) [potion of
                  | mutation]
 73755 | D:11     | Lost mutation: Your mind is acute. (Int +4, Str/Dex -1)
                  | [potion of mutation]
 73755 | D:11     | Gained mutation: Your spells are a little easier to cast,
                  | but a little less powerful. [potion of mutation]
 73755 | D:11     | Gained mutation: Your system is resistant to poisons.
                  | (rPois) [potion of mutation]
 73755 | D:11     | Gained mutation: You are covered in fur. (AC +1) [potion of
                  | mutation]
 73755 | D:11     | Gained mutation: Your mind is acute. (Int +4, Str/Dex -1)
                  | [potion of mutation]
 74145 | Hell     | Reached skill level 15 in Ice Magic
 74243 | Zot:1    | Entered Level 1 of the Realm of Zot
 75652 | Zot:2    | Identified the ring "Geiqin" {rElec rPois rF+ Str+3}
 76899 | Zot:3    | Reached skill level 24 in Spellcasting
 78196 | Zot:5    | Entered Level 5 of the Realm of Zot
 78309 | Zot:5    | Noticed a dread lich
 78316 | Zot:5    | Killed a dread lich
 78376 | Zot:5    | Noticed an orb of fire
 78667 | Zot:4    | Identified the +8 spear of Defiance {flame, rCorr Dex+5}
 78825 | Zot:5    | Noticed an orb of fire
 78826 | Zot:5    | Noticed an orb of fire
 78826 | Zot:5    | Noticed an orb of fire
 78827 | Zot:5    | Noticed an orb of fire
 79171 | Zot:5    | Killed an orb of fire
 79189 | Zot:5    | Killed an orb of fire
 79362 | Zot:5    | Gained mutation: You are vulnerable to cold. (rC-) [an orb
                  | of fire]
 79363 | Zot:5    | Killed an orb of fire
 79400 | Zot:5    | Gained mutation: You occasionally shout uncontrollably at
                  | your foes. [an orb of fire]
 79404 | Zot:5    | Killed an orb of fire
 79824 | Zot:5    | Noticed a Killer Klown
 79825 | Zot:5    | Noticed an orb of fire
 79841 | Zot:5    | Killed a Killer Klown
 79845 | Zot:5    | Noticed an orb of fire
 79857 | Zot:5    | Gained mutation: You are weak. (Str -2) [an orb of fire]
 79862 | Zot:5    | Killed an orb of fire
 79959 | Zot:5    | Lost mutation: Your system is resistant to poisons. (rPois)
                  | [an orb of fire]
 79963 | Zot:5    | Killed an orb of fire
 80053 | Zot:5    | Noticed an orb of fire
 80064 | Zot:5    | Gained mutation: Your magical capacity is low. (-10% MP)
                  | [an orb of fire]
 80064 | Zot:5    | Identified the +2 trident "Wess" {holy, rElec}
 80065 | Zot:5    | Gained mutation: Your spells are easier to cast, but less
                  | powerful. [an orb of fire]
 80066 | Zot:5    | Killed an orb of fire
 80206 | Zot:5    | Noticed a Killer Klown
 80211 | Zot:5    | Killed a Killer Klown
 80211 | Zot:5    | Noticed an orb of fire
 80228 | Zot:5    | Noticed a dread lich
 80229 | Zot:5    | Killed an orb of fire
 80244 | Zot:5    | Killed a dread lich
 80412 | Zot:5    | Noticed an ancient lich
 80415 | Zot:5    | Noticed an orb of fire
 80429 | Zot:5    | Lost mutation: You expend magic power (3 MP) to strengthen
                  | your wands. [an orb of fire]
 80434 | Zot:5    | Killed an orb of fire
 80440 | Zot:5    | Killed an orb of fire
 80628 | Zot:5    | Noticed a Killer Klown
 80632 | Zot:5    | Killed a Killer Klown
 80788 | Zot:5    | Noticed an orb of fire
 80795 | Zot:5    | Killed an orb of fire
 80862 | Zot:5    | Noticed an orb of fire
 80865 | Zot:5    | Gained mutation: You occasionally lose the ability to drink
                  | potions when taking damage. [an orb of fire]
 80865 | Zot:5    | Gained mutation: Your magical capacity is very low. (-20%
                  | MP) [an orb of fire]
 80882 | Zot:5    | Killed an orb of fire
 80986 | Zot:5    | Killed an ancient lich
 80987 | Zot:5    | Reached skill level 25 in Spellcasting
 81039 | Zot:5    | Noticed a dread lich
 81045 | Zot:5    | Killed a dread lich
 81124 | Zot:5    | Noticed a Killer Klown
 81148 | Zot:5    | Killed a Killer Klown
 81389 | Zot:5    | Identified the +8 halberd of Zaiptug {flame, rN+}
 81855 | Temple   | Entered the Ecumenical Temple
 82082 | Vaults:2 | You paid a toll of a +6 demon whip to enter a treasure
                  | trove
 82083 | Trove    | Entered a treasure trove
 82089 | Trove    | Identified the +0 cloak "Supru" {rF++ rN+ Int+3 Dex-2}
 82091 | Trove    | Identified the +1 cloak "Juafuamm" {Fly rElec rC- Int+7}
 82131 | Trove    | Identified the +2 pair of gloves of the Playwright {rElec
                  | MP+9 Int-3}
 82137 | Trove    | Identified the +1 pair of gloves of the Equinox {Str+2
                  | Dex+2}
 82180 | Trove    | Identified the +2 hat of the Lobster {rN+ Str+4 Int-3
                  | Dex+5}
 82358 | D:11     | Lost mutation: You are weak. (Str -2) [potion of mutation]
 82358 | D:11     | Lost mutation: You are vulnerable to cold. (rC-) [potion of
                  | mutation]
 82359 | D:11     | Lost mutation: Your mind is acute. (Int +4, Str/Dex -1)
                  | [potion of mutation]
 82359 | D:11     | Lost mutation: Your magical capacity is very low. (-20% MP)
                  | [potion of mutation]
 82359 | D:11     | Lost mutation: You occasionally lose the ability to drink
                  | potions when taking damage. [potion of mutation]
 82359 | D:11     | Gained mutation: Potions are less effective at restoring
                  | your health. [potion of mutation]
 82359 | D:11     | Lost mutation: Your spells are easier to cast, but less
                  | powerful. [potion of mutation]
 82360 | D:11     | Lost mutation: You are covered in fur. (AC +1) [potion of
                  | mutation]
 82360 | D:11     | Lost mutation: You are partially covered in iridescent
                  | scales. (AC +2) [potion of mutation]
 82360 | D:11     | Lost mutation: Your spells are a little easier to cast, but
                  | a little less powerful. [potion of mutation]
 82360 | D:11     | Gained mutation: Your body sometimes deteriorates upon
                  | taking damage. [potion of mutation]
 82360 | D:11     | Gained mutation: You are agile. (Dex +4, Str/Int -1)
                  | [potion of mutation]
 82360 | D:11     | Gained mutation: Your system is resistant to poisons.
                  | (rPois) [potion of mutation]
 82361 | D:11     | Lost mutation: Your body sometimes deteriorates upon taking
                  | damage. [potion of mutation]
 82361 | D:11     | Lost mutation: Your magical capacity is low. (-10% MP)
                  | [potion of mutation]
 82361 | D:11     | Gained mutation: Your flesh is heat resistant. (rF+)
                  | [potion of mutation]
 82361 | D:11     | Gained mutation: Your magical capacity is low. (-10% MP)
                  | [potion of mutation]
 82361 | D:11     | Gained mutation: You expend magic power (3 MP) to
                  | strengthen your wands. [potion of mutation]
 82512 | D:4      | Killed MineK's ghost
 82814 | D:13     | Killed wormed's ghost
 82850 | D:13     | Acquired the Elucidation of Pneumatic Corpses
 82855 | D:13     | Lost mutation: Your flesh is heat resistant. (rF+) [potion
                  | of mutation]
 82855 | D:13     | Lost mutation: You occasionally shout uncontrollably at
                  | your foes. [potion of mutation]
 82855 | D:13     | Lost mutation: You expend magic power (3 MP) to strengthen
                  | your wands. [potion of mutation]
 82855 | D:13     | Gained mutation: You are partially covered in large bone
                  | plates. (SH +4) [potion of mutation]
 83168 | Elf:2    | Killed Sorrimu's ghost
 83660 | Hell     | Lost mutation: You are agile. (Dex +4, Str/Int -1) [a
                  | cacodemon]
 83863 | Hell     | Found a gateway to the decaying netherworld of Tartarus.
 83965 | Hell     | Found a gateway to the freezing wastes of Cocytus.
 84184 | Hell     | Found a gateway to the ashen valley of Gehenna.
 84222 | Hell     | Found a gateway to the Iron City of Dis.
 84331 | Geh:1    | Entered Level 1 of Gehenna
 85169 | Elf:1    | Bought the ring of the Scavenger {rC+ rN++ Int+4 Dex-2
                  | SInv} for 814 gold pieces
 85555 | Vaults:5 | Entered Level 5 of the Vaults
 85772 | Vaults:5 | Noticed an ancient lich
 85772 | Vaults:5 | Noticed a dread lich
 85775 | Vaults:5 | Killed a dread lich
 85776 | Vaults:5 | Killed an ancient lich
 85856 | Vaults:5 | Noticed a dread lich
 85861 | Vaults:5 | Killed a dread lich
 86140 | Vaults:5 | Identified the +3 war axe "Elacotz" {drain, Int+2}
 86253 | Vaults:5 | Identified the +9 falchion of Gaimycam {pain, rC- Will+
                  | rCorr Dex+3}
 86337 | Vaults:5 | Found the +0 pair of fencer's gloves {Riposte Dex+3}
 86340 | Vaults:5 | Got the Annotations on Kindled Shifting
 86475 | Vaults:5 | Noticed an ancient lich
 86477 | Vaults:5 | Killed an ancient lich
 86765 | Vaults:5 | Identified the ring "Siuch" {Contam +Blink rC+ rN+ Int+7}
 86942 | Vaults:5 | Got a silver rune of Zot
 86952 | Vaults:5 | Identified the ring of Qazlal, Malding {rCorr MP+9 Slay+6}
 86969 | Vaults:5 | Identified the +8 spear of Wiocume {drain, rF- Will++
                  | Str+3}
 86969 | Vaults:5 | Identified the ring of Sin {rN+ MP+9 AC+4}
 87707 | Depths:1 | Bought a scroll of immolation for 72 gold pieces
 87707 | Depths:1 | Bought a scroll of enchant armour for 135 gold pieces
 87711 | Depths:1 | Bought a potion of resistance for 180 gold pieces
 87711 | Depths:1 | Bought a potion of resistance for 180 gold pieces
 88289 | Tomb:2   | Noticed a royal mummy
 88289 | Tomb:2   | Noticed a royal mummy
 88289 | Tomb:2   | Noticed a royal mummy
 88290 | Tomb:2   | Noticed a royal mummy
 88290 | Tomb:2   | Noticed a royal mummy
 88952 | Pan      | Entered Pandemonium
 88952 | Pan      | Found a runed translucent door.
 88952 | Pan      | Found a runed translucent door.
 88957 | Pan      | Found a runed translucent door.
 89415 | Pan      | Reached skill level 10 in Air Magic
 89664 | Pan      | Found a runed translucent door.
 89819 | Pan      | Noticed Waokitui the pandemonium lord
 89823 | Pan      | Killed Waokitui the pandemonium lord
 90114 | Pan      | Noticed Sowacw the pandemonium lord
 90129 | Pan      | Killed Sowacw the pandemonium lord
 90292 | Pan      | Identified the +3 arbalest "Woefuyck" {flame, +Blink Will-
                  | Dex+6}
 91042 | Pan      | Noticed Mennas
 91045 | Pan      | Killed Mennas
 91045 | Pan      | Noticed Xiasavauca the pandemonium lord
 91059 | Pan      | Killed from afar by Xiasavauca the pandemonium lord

Illustrated notes

Levels and vault maps discovered:
D:1:      amcnicky_arrival_double_pillar, layout_basic,
          ebering_ecumenical_altar_abandoned, minmay_tromino_v4_c
D:2:      minmay_angry_zag, layout_loops_ring, serial_shops, shop_statue,
          dreamdust_princess_bridge, minmay_misc_feat_secret_circle,
          chequers_serial_rivers_room_b
D:3:      layout_loops_ring, fiery_altar_vehumet, doesnt_xom_only_xom,
          dreamdust_princess_corridor, hangedman_decor_push
D:4:      layout_loops_ring, serial_aquarium, aquarium_bridge_straight
          [aquarium_subvault_bridge, aquarium_subvault_balcony,
          aquarium_subvault_bridge, aquarium_subvault_window],
          aquarium_bridge_square [aquarium_subvault_wall,
          aquarium_subvault_balcony, aquarium_subvault_window,
          aquarium_subvault_bridge], aquarium_window_2, aquarium_window_1,
          aquarium_view_2f, aquarium_pool_split, gammafunk_ghost_arena,
          minmay_hollow_rounded_squares, uniq_eustachio
D:5:      layout_cave_pods
D:6:      layout_basic, uniq_pikel, uniq_prince_ribbit1
D:7:      layout_loops_ring, nicolae_gozag_cash_rules_everything_around_me,
          minmay_temple_entry_offerings, nicolae_ossuary_entry_giza,
          minmay_misc_feat_tiny
D:8:      layout_gridville, chequers_temple_overflow_statue_of_worship
D:9:      layout_loops_ring, lemuel_doored_altar, lair_entry_dummy
D:10:     minmay_cut_squares, layout_cave_pools, uniq_joseph, uniq_maurice,
          uniq_nergalle
D:11:     layout_cave_pools, kennysheep_orc_monster_closet_entryway, uniq_urug
D:12:     layout_loops_ring
D:13:     layout_cave_pods, lightli_vaults_fourway_checkpoint,
          gammafunk_ghost_hive, kennysheep_generic_room_14
D:14:     layout_basic, led_sif_pool
D:15:     gammafunk_depths_entry_grave, layout_cave_pools, uniq_rupert
Temple:   lightli_temple_of_artemis
Lair:1:   layout_regular_city, infiniplex_staircase_pool
Lair:2:   layout_misc_corridors, swamp_mist,
          minmay_snake_entry_guardpost_medium, hangedman_lair_generics_rect,
          serial_bayou_shore_b, infiniplex_staircase_pool_2
Lair:3:   layout_cellular_growth, grunt_megastairs_3
Lair:4:   layout_small_grid, grunt_megastairs_1, serial_bayou_shore_a
Lair:5:   hangedman_lair_caniforms_friends, layout_gridlike, wormcave,
          dpeg_slime_entry_enclosed, nicolae_volcano_entry_s_turn
Swamp:1:  nicolae_swamp_decorative_isthmus, layout_basic_swamp,
          nicolae_swamp_fairy_circle
Swamp:2:  layout_falls_marsh, evilmike_swamp_ruin_rubble_1, uniq_nikola
Swamp:3:  layout_falls_marsh, evilmike_swamp_ruin_house_4
Swamp:4:  swamp_fiery, layout_basic_swamp
Snake:1:  layout_misc_corridors, guppyfry_library_mini
Snake:2:  layout_onion, minmay_shop_grove, uniq_frances
Snake:3:  layout_cave_town, grunt_megastairs_5, lemuel_fruit_tree, uniq_azrael
Snake:4:  snake_pit_salamanders_mu, layout_onion_interference,
          serial_bayou_shore_b, uniq_aizul, uniq_mlioglotl, uniq_kirke
Slime:1:  layout_caves
Slime:2:  layout_caves, nicolae_slime_barrier
Slime:3:  layout_caves
Slime:4:  layout_caves
Slime:5
Orc:1:    layout_caves, portal_ice_cave_rime, serial_shops, shop, uniq_josephine
Orc:2:    st_orc_elflike, layout_caves
Elf:1:    eino_elf_arrival_customs, layout_geoelf_grid, minmay_elf_annihilation,
          wad_floor_pattern_untrapped, roderic_roman_lattice,
          nicolae_elf_crossing_hall, minmay_shoptagon, lemuel_upstairs_altar
Elf:2:    nicolae_elf_blades_splatter_lattice [nicolae_blade_entry_pointy_end],
          layout_loops_corners, ebering_ghost_gozag, uniq_donald
Elf:3:    nooodl_elf_gasket, layout_onion_city, basic_altar, uniq_roxanne,
          uniq_louise
Vaults:1: nicolae_vaults_little_squares_3, v_misc_5, hangedman_vaults_corner,
          grunt_vaults_twisty, ontoclasm_vaults_fault, vaults_room_large_hall,
          v_misc_25, grunt_tower_of_power, hangedman_vaults_trim,
          nicolae_vaults_yaktaur_gun_rack, ontoclasm_vaults_hangar,
          ontoclasm_vaults_eye, grunt_vaults_hallway_short, layout_vaults_ring
Vaults:2: hangedman_vaults_pinch, st_star, grunt_vaults_funnel,
          vaults_room_fours, v_rooms_1, grunt_vaults_hallway_long,
          vaults_room_ringed_pool, vaults_dpeg_emergency_exit,
          hangedman_vaults_stretched_pinwheel, vaults_dpeg_ring,
          layout_vaults_omnicross, enter_trove_0, serial_shops,
          nicolae_shop_behind_doors, uniq_saint_roka
Vaults:3: vaults_mumra_hex, nicolae_vaults_stairing_the_circle,
          nicolae_vaults_little_squares_4, nicolae_vaults_big_angled_halls,
          v_rooms_5, v_pattern_5, v_misc_31, nicolae_vaults_little_squares_4,
          nicolae_vaults_little_squares_6, vaults_dpeg_cross,
          layout_vaults_quadrants, blue_anna_dwarven_crypt
Vaults:4: nicolae_vaults_little_squares_3, hangedman_vaults_variations,
          vaults_room_fours, v_misc_16, v_rooms_5, hangedman_vaults_capsules,
          nicolae_vaults_circle_grid_a, hangedman_vaults_snaps,
          hangedman_vaults_slice, ontoclasm_vaults_bender,
          ontoclasm_vaults_misaligned, nicolae_vaults_gold_heap,
          layout_vaults_maze_bifur
Vaults:5
Crypt:1:  layout_basic, st_stairs_2
Crypt:2:  layout_catacombs, uniq_grunn, uniq_vv, uniq_margery
Crypt:3:  church_of_pain_bobbens, layout_chaotic_city, hex_medium, uniq_jory
Tomb:1
Tomb:2
Depths:1: layout_forbidden_donut, hangedman_abyss_entry_splay, lightli_too_deep,
          grunt_ministairs_7, minmay_shop_grid_forest,
          lemuel_zombie_altar_kikubaaqudgha, grunt_megastairs_2,
          serial_bayou_shore_b
Depths:2: evilmike_library_of_no_secrets, layout_cross, enter_ziggurat_c,
          abyss_entry_small_statue_room, hangedman_decor_riveting,
          nicolae_hell_entry_big_baal_hell, rand_demon_pan_entry_1, uniq_sojobo
Depths:3: minmay_tri_stars, layout_cave_shapes, pan_entry,
          grunt_hell_entry_dis_grunt, nicolae_abyss_entry_one_way_or_another,
          lemuel_round_altar, kennysheep_generic_room_3
Depths:4: grunt_twist_and_shout, layout_gridlike,
          hangedman_decor_diamond_cutter, abyss_entry, hell_entry,
          uniq_enchantress
Hell
Geh:1:    layout_gehenna_pools_triple
Geh:2:    layout_gehenna_lava_caves
Zot:1:    layout_gridville
Zot:2:    lemuel_halls_of_wrath, layout_twisted_circle
Zot:3:    layout_misc_corridors
Zot:4:    layout_basic
Zot:5:    layout_concentric_octagons, drop_trap, lemuel_lake_of_fire
Pan:      rand_demon_7, layout_cellular_growth, pan_blood_fountain,
          rand_demon_6, layout_gridville, nicolae_pan_mnolegish_1,
          nicolae_pan_sigil_uleosi, nicolae_pan_double_arrow, layout_gridlike,
          uniq_mennas_pan, pan_blood_fountain_small, nicolae_pan_sick_transit

Skill      XL: |  1  2  3  4  5  6  7  8  9 10 11 12 13 14 15 16 17 18 19 20 21 22 23 24 25 26 27 |
---------------+----------------------------------------------------------------------------------+-----
Spellcasting   | 1 2 3 4 5 6 7 8 9 10 11 13 15 16 17 18 19 20 21 25 | 25.5
Short Blades   | 1 2 |  2.0
Stealth        | 8 9 10 | 10.0
Conjurations   | 3 5 7 8 9 11 12 13 14 15 16 17 18 19 21 | 21.8
Necromancy     | 2 3 5 6 7 8 9 |  9.5
Ice Magic      | 2 3 5 7 8 9 11 20 | 20.0
Fire Magic     | 3 5 7 8 9 10 13 15 17 18 19 22 | 22.3
Fighting       | 4 5 6 7 9 10 11 12 13 14 15 16 17 24 | 24.0
Armour         | 3 6 9 10 11 12 13 14 | 14.0
Evocations     | 2 3 |  3.0
Poison Magic   | 3 4 |  4.0
Air Magic      | 2 3 4 6 7 8 10 | 10.6
Ranged Weapons | 3 5 |  5.1
Shields        | 2 6 9 10 11 14 | 14.0
Translocations | 3 7 8 |  8.0
Maces & Flails | |  2.0
Dodging        | |  1.7

Action                   |  1- 3 |  4- 6 |  7- 9 | 10-12 | 13-15 | 16-18 | 19-21 | 22-24 | 25-27 || total
-------------------------+-------+-------+-------+-------+-------+-------+-------+-------+-------++-------
Melee: Dagger            |    16 |   142 |   202 |   437 |   180 |    79 |       |       |       ||  1056
       Mace              |     1 |       |       |       |       |       |       |       |       ||     1
       Punch             |       |     1 |     1 |     4 |     3 |       |       |       |       ||     9
       Scimitar          |       |       |       |       |       |       |     9 |    26 |   100 ||   135
       Rapier            |       |       |       |       |       |       |       |     1 |       ||     1
 Fire: Sling             |       |       |     4 |       |       |       |       |       |       ||     4
       Shortbow          |       |       |     8 |   112 |    74 |   237 |    72 |       |       ||   503
       Longbow           |       |       |       |       |       |       |   143 |    99 |     6 ||   248
Throw: Stone             |     2 |       |     2 |       |       |       |       |       |       ||     4
       Throwing net      |       |       |       |       |       |       |       |       |     1 ||     1
 Cast: Kiss of Death     |       |       |     2 |    10 |       |       |       |       |       ||    12
       Fireball          |       |       |       |    93 |    58 |    35 |     6 |    26 |    16 ||   234
       Mephitic Cloud    |       |       |       |    46 |    44 |     2 |       |       |       ||    92
       Hailstorm         |       |       |       |     2 |     4 |       |       |       |       ||     6
       Conjure Ball Ligh |       |       |       |       |    73 |    92 |   114 |    72 |    34 ||   385
       Freezing Cloud    |       |       |       |       |    16 |   176 |   232 |   102 |    21 ||   547
       Orb of Destructio |       |       |       |       |    11 |    86 |   114 |   183 |   343 ||   737
       Stone Arrow       |       |       |       |       |     1 |    50 |    28 |     2 |       ||    81
       Sublimation of Bl |       |       |       |       |       |     2 |    91 |   149 |   645 ||   887
       Sticky Flame      |       |       |       |       |       |       |     6 |    23 |    27 ||    56
       Fire Storm        |       |       |       |       |       |       |       |    91 |   849 ||   940
       Ignition          |       |       |       |       |       |       |       |     4 |       ||     4
       Ozocubu's Armour  |       |       |       |       |       |       |       |     2 |     6 ||     8
       Passage of Golubr |       |       |       |       |       |       |       |       |    30 ||    30
       Polar Vortex      |       |       |       |       |       |       |       |       |    74 ||    74
 Abil: Shaft Self        |     1 |     2 |       |       |     5 |       |     1 |     1 |       ||    10
       Dig               |       |       |     3 |     5 |     5 |     6 |     2 |     3 |     7 ||    31
Evoke: Wand              |       |       |    12 |     3 |     4 |     1 |     2 |    12 |     7 ||    41
  Use: Scroll            |       |     2 |    10 |     7 |     6 |     9 |     2 |     4 |    17 ||    57
       Potion            |       |       |     4 |     6 |     7 |     1 |     1 |     3 |    23 ||    45
 Stab: Sleeping          |     2 |    13 |    18 |     1 |     3 |     3 |       |     1 |       ||    41
       Distracted        |       |     1 |       |       |       |       |       |       |     1 ||     2
       Confused          |       |       |       |    32 |    27 |       |       |       |       ||    59
Armor: Leather armour    |     4 |    26 |    46 |    72 |       |       |       |       |       ||   148
       Ring mail         |       |       |       |    52 |   147 |    61 |    58 |    44 |       ||   362
       Acid dragon scale |       |       |       |       |       |       |       |    10 |   137 ||   147
Dodge: Dodged            |    16 |    90 |   124 |   403 |   219 |   139 |    68 |    75 |   216 ||  1350
Block: Other             |       |       |       |    58 |    73 |    41 |       |       |       ||   172
       Reflection        |       |       |       |     1 |     1 |    21 |    42 |    10 |    24 ||    99
       Buckler           |       |       |       |       |       |    15 |       |       |       ||    15
       Kite shield       |       |       |       |       |       |    12 |   114 |    91 |   274 ||   491
       Tower shield      |       |       |       |       |       |       |       |       |    37 ||    37
       Rpst.: Scimitar   |       |       |       |       |       |       |       |       |    17 ||    17

Table legend: (Time is in decaauts)
 A = Elapsed time spent in this place.
 B = Non-inter-level travel time spent in this place.
 C = Inter-level travel time spent in this place.
 D = Time resting spent in this place.
 E = Time spent auto-exploring this place.
 F = Levels seen in this place.
 G = Mean time per level.
                   A        B        C        D        E       F      G
               +--------+--------+--------+--------+--------+-----+--------+
         Total |  91677 |  79736 |  11941 |  22006 |  24906 |  66 | 1389.0 |
       Dungeon |  22631 |  18571 |   4060 |   4956 |   7261 |  15 | 1508.7 |
        Temple |      1 |      0 |      1 |      0 |      0 |   1 |    1.0 |
          Lair |  11326 |  10155 |   1171 |   4284 |   2633 |   5 | 2265.2 |
         Swamp |   3123 |   2855 |    268 |    939 |    848 |   4 |  780.8 |
     Snake Pit |   5355 |   4770 |    585 |    968 |   1796 |   4 | 1338.8 |
    Slime Pits |   2743 |   2544 |    199 |    783 |      0 |   5 |  548.6 |
  Orcish Mines |   2551 |   2008 |    543 |    687 |    345 |   2 | 1275.5 |
   Elven Halls |   8662 |   7863 |    799 |   2973 |   2531 |   3 | 2887.3 |
        Vaults |   8790 |   7444 |   1346 |   1010 |   3533 |   5 | 1758.0 |
         Crypt |   5436 |   4759 |    677 |    869 |   2009 |   3 | 1812.0 |
          Tomb |   1509 |   1153 |    356 |    294 |    112 |   2 |  754.5 |
        Depths |   7894 |   6653 |   1241 |   1854 |    807 |   4 | 1973.5 |
          Hell |    968 |    968 |      0 |    118 |    580 |   1 |  968.0 |
       Gehenna |    403 |    403 |      0 |     63 |      0 |   2 |  201.5 |
           Zot |   7376 |   6684 |    692 |   1580 |   1656 |   5 | 1475.2 |
   Pandemonium |   2108 |   2108 |      0 |    241 |    755 |   3 |  702.7 |
         Trove |    109 |    109 |      0 |      0 |      0 |   1 |  109.0 |
      Ice Cave |    683 |    683 |      0 |    385 |     40 |   1 |  683.0 |
               +--------+--------+--------+--------+--------+-----+--------+

Top non-repeatable levels by time:
  Lair:5: 3533 daAuts
   Elf:2: 3052 daAuts
Depths:1: 2994 daAuts
   Elf:3: 2823 daAuts
   Elf:1: 2786 daAuts
  Lair:4: 2773 daAuts
    D:13: 2665 daAuts
     D:9: 2515 daAuts
   Zot:5: 2424 daAuts
    D:11: 2400 daAuts
 Crypt:1: 2312 daAuts
Depths:2: 2093 daAuts
  Lair:1: 2006 daAuts
     D:6: 1901 daAuts
  Lair:2: 1893 daAuts
